 Dungeon Crawl Stone Soup version 0.29-a0-872-g797fff5ad1 (webtiles) character file.

Game seed: 9464022625680198058

78539 buhh the Spry (level 16, -2/158 HPs)
             Began as a Meteoran Transmuter on July 19, 2022.
             Was an Elder of Cheibriados.
             Slain by a balrug
             ... wielding a +1 demon whip of electrocution
             ... summoned by Asterion
              (9 damage)
             ... on level 1 of the Snake Pit.
             The game lasted 00:54:47 (9002 turns).

buhh the Spry (Meteoran Transmuter)                 Turns: 9002, Time: 00:54:48

Health: -2/158     AC: 11    Str: 22    XL:     16   Next: 56%
Magic:  26/26      EV: 25    Int: 30    God:    Cheibriados [****..]
Gold:   461        SH:  0    Dex: 25    Spells: 12/21 levels left

rFire   + . .      SeeInvis .     - Unarmed
rCold   + . .      Faith    .   (shield currently unavailable)
rNeg    . . .      Spirit   .   (body armour currently unavailable)
rPois   +          Reflect  .   (helmet currently unavailable)
rElec   .          Harm     .   (cloak currently unavailable)
rCorr   .          Rampage  .   (gloves currently unavailable)
Will    ++...                   (boots currently unavailable)
Stlth   +.........              z - amulet of regeneration
HPRegen 1.16/turn               K - ring of fire
MPRegen 0.20/turn               q - ring of fire

@: mighty, ice-form, glowing, very slow
A: freezing attack, amphibious, boosted hp, large, sense surroundings 2,
otherworldly, glowing, explore regen, (poison resistance)
a: End Transformation, Renounce Religion, Bend Time, Temporal Distortion, Slouch


You were on level 1 of the Snake Pit.
You worshipped Cheibriados.
Cheibriados was greatly pleased with you.
You were a creature of crystalline ice.
You visited 5 branches of the dungeon, and saw 23 of its levels.

You collected 1454 gold pieces.
You spent 993 gold pieces at shops.

Inventory:

Missiles
 W - 2 throwing nets
Armour
 d - a +0 robe (melded)
 j - a +0 cloak (melded)
 x - a +1 pair of gloves (melded)
 I - a +2 tower shield
 V - a +0 pair of boots (melded)
 X - a +2 hat
Jewellery
 q - a ring of fire (right front paw)
 r - a +4 ring of protection
 z - an amulet of regeneration (around neck)
 C - a ring of ice
 G - the ring "Sesu" {Str+3 SInv}
   (You bought it in a shop on level 1 of the Snake Pit)

   [ring of see invisible]

   Str:       It affects your strength (+3).
   SInv:      It lets you see invisible.
 J - an amulet of the acrobat
 K - a ring of fire (left front paw)
 R - a +6 ring of intelligence
 S - an amulet of guardian spirit
 U - a ring of magical power
 Y - a ring of magical power
Wands
 D - a wand of paralysis (9)
 E - a wand of flame (26)
 F - a wand of roots (11)
 H - a wand of quicksilver (3)
 N - a wand of polymorph (5)
Scrolls
 a - a scroll of identify {!d}
 b - 3 scrolls of blinking {!d}
 c - 6 scrolls of teleportation {!d!d}
 e - 2 scrolls of poison
 f - 5 scrolls of fog
 g - a scroll of amnesia
 h - 6 scrolls of enchant armour
 i - a scroll of acquirement
 k - a scroll of silence {!r}
 l - 2 scrolls of immolation {!r}
 L - 2 scrolls of vulnerability
 Q - 2 scrolls of brand weapon
 Z - a scroll of summoning
Potions
 m - 3 potions of might
 n - 2 potions of lignification {!d}
 o - 6 potions of mutation {!q!d}
 p - 3 potions of invisibility {!d}
 s - 2 potions of flight {unknown}
 t - 3 potions of brilliance {!d}
 u - 3 potions of ambrosia {!d}
 v - 4 potions of curing {!d}
 w - 6 potions of degeneration
 y - 2 potions of haste {!q}
 A - a potion of berserk rage {unknown}
 B - a potion of magic {unknown}
 M - 2 potions of cancellation {unknown}
 O - a potion of attraction {unknown}
 P - 2 potions of resistance {unknown}
 T - a potion of heal wounds {unknown}


   Skills:
 * Level 9.3 Fighting
 * Level 17.6 Dodging
 - Level 17.0 Unarmed Combat
 - Level 3.0 Spellcasting
 * Level 15.8 Transmutations
 - Level 2.0 Ice Magic
 * Level 12.4 Invocations


You had 12 spell levels left.
You knew the following spells:

 Your Spells              Type           Power      Damage    Failure   Level
b - Wereblood             Tmut           79%        N/A       0%          2
c - Spider Form           Tmut/Pois      51%        N/A       1%          3
d - Ice Form              Ice/Tmut       55%        N/A       1%          4

Your spell library contained the following spells:

 Spells                   Type           Power      Damage    Failure   Level
 Beastly Appendage        Tmut           100%       N/A       0%          1
 Ensorcelled Hibernation  Hex/Ice        20%        N/A       7%          2
 Frozen Ramparts          Ice            32%        1d5       10%         3
 Static Discharge         Conj/Air       4%         3-4/arc   11%         2
 Gell's Gravitas          Tloc           4%         N/A       22%         3
 Lesser Beckoning         Tloc           4%         N/A       22%         3
 Mephitic Cloud           Conj/Pois/Air  4%         N/A       22%         3
 Teleport Other           Tloc           4%         N/A       22%         3
 Summon Ice Beast         Ice/Summ       10%        N/A       43%         4
 Airstrike                Air            2%         0-2+      56%         4
 Anguish                  Hex/Necr       2%         N/A       56%         4
 Dispel Undead            Necr           4%         3d7       56%         4
 Sticky Flame             Conj/Fire      10%        2d3       56%         4
 Summon Lightning Spire   Summ/Air       4%         N/A       56%         4
 Lightning Bolt           Conj/Air       2%         1d13      89%         5
 Maxwell's Capacitive Co  Air            2%         ∞         100%        8


Dungeon Overview and Level Annotations

Branches:
Dungeon (14/15) Zot: 3378  Temple (1/1) D:5 Zot: 795    Lair (5/5) D:8 Zot: 1537
 Shoals (0/4) Lair:3        Snake (1/4) Lair:3 Zot: 658   Slime (0/5) Lair:4
    Orc (2/2) D:10 Zot: 942     Elf (0/3) Orc:2
 Vaults: D:13-14

Altars:
Ashenzari
Cheibriados
Elyvilon
Gozag
Hepliaklqana
Kikubaaqudgha
Makhleb
Nemelex Xobeh
Okawaru
Qazlal
Ru
Sif Muna
Trog
Uskayaw
Vehumet
Wu Jian
Xom
Zin
The Shining One

Shops:
Orc:1 (   Orc:2 !==?*   Snake:1 (*[[

Annotations:
D:5 exclusion: statue
D:11 3 runed translucent doors, Brotato's ghost, novice SpBr
Snake:1 Asterion
Orc:1 1 transporter, Palms's ghost, journeyman MfGl


Innate Abilities, Weirdness & Mutations

You are a creature of crystalline ice.
You have a powerful freezing melee attack.
You are amphibious.
Your maximum health is increased.
Your armour is entirely melded.
You are incapable of wielding weapons or throwing items.
You passively map the area around you.
You are easily found by Zot.
You glow in the dark.
You regain HP and MP as you explore.
((Your system is resistant to poisons. (rPois)))


Message History

You feel very mighty all of a sudden. The black mamba closely misses you.
The black mamba barely misses you.
Aiming: Paralyse
Press: ? - help, Shift-Dir - straight line, f - Asterion
Aim: Asterion, wielding a +2 broad axe of electrocution, wearing a +0 scale mail and wearing a +0 kite shield (chance to affect: 1%)
Okay, then.
You pummel the black mamba!! You freeze the black mamba.
You kill the black mamba!
Cheibriados thoroughly appreciates the change of pace.
Asterion misses you. Asterion gores you but does no damage.
Asterion completely misses you. Asterion gores you but does no damage.
You pummel Asterion like a punching bag!!!
You freeze Asterion.
Asterion is moderately wounded.
Asterion drinks a potion.
Asterion seems to speed up.
You pummel Asterion!! You freeze Asterion.
Asterion is heavily wounded.
Asterion completely misses you. Asterion gores you.
You punch Asterion! You freeze Asterion.
Asterion is heavily wounded.
Asterion says, "You're no warrior.
You fight like a peasant!"
Asterion prays to Makhleb.
Asterion blocks your attack.
Asterion is heavily wounded.
Asterion hits you with a +2 broad axe of electrocution!
Asterion gores you! Asterion blocks your attack.
Asterion is heavily wounded.
The balrug hits you with a +1 demon whip of electrocution!
You are engulfed in flames!
You resist.
You are electrocuted!
Asterion completely misses you. Asterion gores you!
* * * LOW HITPOINT WARNING * * *
You pummel Asterion!! You freeze Asterion!
Asterion is almost dead.
Asterion misses you. Asterion gores you.
* * * LOW HITPOINT WARNING * * *
The balrug hits you with a +1 demon whip of electrocution!!
* * * LOW HITPOINT WARNING * * *
You are engulfed in flames!
You resist.
You die...

* * *#### ,* ###########
* ##.!.* , , ...........
, (... ,,, ,, #.....## ,
* *#.., * .##....## , *
#H#* #..,,,,,
.##...))########Y##.....
?######.)#.....2......#
#### *##†..........####
* ...# #.........#...#
** **
.#..#....#.#######.... ,
* * .#.......#... * ####
.##...####.... * , ,
†.#... *.....#* , ,
.8###### .##### , ,,


You could see Asterion (fast) and a balrug (summoned).

Vanquished Creatures
  Fannar (D:11)
  4 hydras
  A catoblepas (Lair:4)
  A merfolk avatar (Lair:5)
  4 two-headed ogres
  4 centaur warriors
  10 death yaks (Lair:5)
  A tengu warrior (D:10)
  A naga sharpshooter (Snake:1)
  4 shock serpents (Snake:1)
  2 soul eaters (D:9)
  Urug (Lair:2)
  A sun demon (D:9)
  A fire crab (Lair:5)
  A sea snake (Lair:5)
  A swamp dragon (Lair:1)
  A wizard (D:14)
  A naga ritualist (Snake:1)
  Pikel (D:5)
  A deep elf pyromancer (D:12)
  5 orc knights
  A harpy (Lair:5)
  A faun (shapeshifter) (D:14)
  2 manticores
  An orc sorcerer (Orc:1)
  7 cyclopes
  A mana viper (Snake:1)
  4 elephants
  A guardian serpent (Snake:1)
  A rust devil (D:9)
  12 black mambas
  An orange demon (D:9)
  5 naga magi (Snake:1)
  2 unseen horrors
  15 cane toads
  A smoke demon (D:9)
  12 rime drakes
  A yaktaur (D:14)
  4 tengu conjurers
  A hellwing (D:9)
  5 trolls
  14 komodo dragons
  3 wind drakes (Lair:5)
  Grinder (D:6)
  4 polar bears
  9 blink frogs
  5 dream sheep (Lair:2)
  2 wraiths
  A shadow (D:11)
  A vampire (D:14)
  32 yaks
  9 wyverns
  5 basilisks
  A chaos spawn (D:9)
  5 steam dragons
  4 vampire mosquitoes (D:14)
  A neqoxec (D:9)
  5 nagas (Snake:1)
  Menkaure (D:6)
  3 wargs (Orc:1)
  3 acid dragons
  3 swamp worms (Lair:3)
  14 water moccasins
  2 sky beasts
  39 orc warriors
  An ice beast (D:6)
  A black bear (Lair:2)
  4 wolves (Lair:4)
  5 ogres
  24 centaurs
  3 lemures (D:3)
  A kobold brigand (D:7)
  A phantom (D:5)
  Blork the orc (D:4)
  14 bullfrogs
  2 gnoll sergeants
  3 scorpions
  6 killer bees (D:10)
  4 howler monkeys (D:12)
  5 hounds
  A jelly (D:7)
  12 orc priests
  Jessica (D:2)
  4 iguanas
  20 orc wizards
  15 gnolls
  7 adders
  An ufetubus (D:4)
  A dart slug (D:5)
  89 orcs
  8 ball pythons
  6 endoplasms
  2 giant cockroaches
  7 goblins
  10 hobgoblins
  6 jackals
  8 kobolds
  5 quokkas
  2 bats
  5 frilled lizards
  9 rats
586 creatures vanquished.

Vanquished Creatures (others)
  An orc (Orc:2)
  2 bushes
  A demonic plant (D:9)
  25 fungi
  64 plants
93 creatures vanquished.

Grand Total: 679 creatures vanquished

Notes
Turn   | Place    | Note
-------+----------+-------------------------------------------
     0 | D:1      | buhh the Meteoran Transmuter began the quest for the Orb.
     0 | D:1      | Reached XP level 1. HP: 16/16 MP: 5/5
    72 | D:1      | Reached XP level 2. HP: 2/23 MP: 4/6
   276 | D:1      | Reached XP level 3. HP: 26/28 MP: 8/8
   316 | D:1      | Found a faded altar of an unknown god.
   668 | D:2      | Noticed Jessica
   675 | D:2      | Learned a level 2 spell: Wereblood
   681 | D:2      | Learned a level 3 spell: Spider Form
   689 | D:2      | Killed Jessica
   690 | D:2      | Reached XP level 4. HP: 8/36 MP: 1/9
   730 | D:2      | Reached XP level 5. HP: 5/42 MP: 3/10
  1217 | D:3      | Found a glowing silver altar of Zin.
  1316 | D:3      | Reached skill level 5 in Unarmed Combat
  1316 | D:3      | Reached XP level 6. HP: 35/51 MP: 7/11
  1346 | D:4      | Noticed an ogre
  1376 | D:3      | Found a sparkling altar of Nemelex Xobeh.
  1423 | D:3      | Found a hazy altar of Hepliaklqana.
  1633 | D:3      | Found a stormy altar of Qazlal.
  1710 | D:4      | Noticed Pikel
  1721 | D:3      | Reached XP level 7. HP: 39/58 MP: 6/12
  2054 | D:4      | Reached skill level 5 in Dodging
  2060 | D:4      | Identified the +4 mace of Articulation {vamp, rF- Str+4
                  | Dex+4}
  2180 | D:4      | Noticed Blork the orc
  2222 | D:5      | Entered Level 5 of the Dungeon
  2234 | D:5      | Killed Pikel
  2235 | D:5      | Reached skill level 5 in Fighting
  2235 | D:5      | Reached XP level 8. HP: 49/69 MP: 5/13
  2247 | D:4      | Killed Blork the orc
  2389 | D:5      | Found an ancient bone altar of Kikubaaqudgha.
  2560 | D:5      | Found a radiant altar of Vehumet.
  2630 | D:5      | Gained mutation: You passively map the area around you.
                  | [Meteoran growth]
  2630 | D:5      | Reached XP level 9. HP: 58/75 MP: 9/14
  2669 | D:5      | Found an ornate altar of the Wu Jian Council.
  2721 | D:5      | Found a staircase to the Ecumenical Temple.
  2735 | Temple   | Entered the Ecumenical Temple
  2776 | Temple   | Became a worshipper of Cheibriados the Contemplative
  2885 | D:6      | Noticed Grinder
  2896 | D:6      | Killed Grinder
  2993 | D:6      | Reached * piety under Cheibriados
  3138 | D:6      | Found a shimmering blue altar of Sif Muna.
  3146 | D:6      | Noticed Menkaure
  3162 | D:6      | Killed Menkaure
  3165 | D:6      | Reached XP level 10. HP: 81/86 MP: 15/15
  3323 | D:7      | Found a broken altar of Ashenzari.
  3674 | D:8      | Reached ** piety under Cheibriados
  3704 | D:9      | Reached skill level 5 in Transmutations
  3728 | D:8      | Reached skill level 10 in Unarmed Combat
  3775 | D:8      | Found a bloodstained altar of Trog.
  3841 | D:8      | Found a staircase to the Lair.
  3850 | D:8      | Learned a level 4 spell: Ice Form
  3853 | Lair:1   | Entered Level 1 of the Lair of Beasts
  3860 | Lair:1   | Gained mutation: Your system is resistant to poisons.
                  | (rPois) [mutagenic glow]
  3864 | Lair:1   | Noticed a komodo dragon
  3870 | Lair:1   | Killed a komodo dragon
  3871 | Lair:1   | Reached skill level 10 in Dodging
  3889 | Lair:1   | Noticed a cane toad
  3894 | Lair:1   | Killed a cane toad
  3933 | Lair:1   | Noticed a komodo dragon
  3939 | Lair:1   | Killed a komodo dragon
  3940 | Lair:1   | Reached skill level 1 in Ice Magic
  3943 | Lair:1   | Noticed a black mamba
  3949 | Lair:1   | Killed a black mamba
  3950 | Lair:1   | Reached XP level 11. HP: 68/92 MP: 10/16
  4032 | Lair:1   | Noticed a swamp dragon
  4041 | Lair:1   | Killed a swamp dragon
  4173 | Lair:1   | Noticed a five-headed hydra
  4180 | Lair:1   | Killed a five-headed hydra
  4194 | Lair:1   | Reached *** piety under Cheibriados
  4325 | Lair:2   | Noticed Urug
  4342 | Lair:2   | Killed Urug
  4343 | Lair:2   | Reached XP level 12. HP: 85/100 MP: 17/17
  4502 | Lair:2   | Noticed a five-headed hydra
  4521 | Lair:2   | Killed a five-headed hydra
  4522 | Lair:2   | Reached skill level 10 in Transmutations
  4613 | Lair:3   | Reached **** piety under Cheibriados
  4727 | Lair:5   | Entered Level 5 of the Lair of Beasts
  4735 | Lair:4   | Noticed a seven-headed hydra
  4742 | Lair:4   | Killed a seven-headed hydra
  4773 | Lair:4   | Reached XP level 13. HP: 105/105 MP: 15/18
  4795 | Lair:4   | Found a staircase to the Slime Pits.
  4878 | Lair:3   | Reached ***** piety under Cheibriados
  4883 | Lair:3   | Reached skill level 1 in Invocations
  4885 | Lair:3   | Found a staircase to the Snake Pit.
  4992 | Lair:3   | Found a staircase to the Shoals.
  5099 | Lair:5   | Noticed a death yak
  5100 | Lair:5   | Noticed a death yak
  5101 | Lair:5   | Noticed a death yak
  5111 | Lair:5   | Killed a death yak
  5111 | Lair:5   | Noticed a death yak
  5113 | Lair:5   | Killed a death yak
  5115 | Lair:5   | Reached skill level 5 in Invocations
  5116 | Lair:5   | Reached skill level 15 in Unarmed Combat
  5117 | Lair:5   | Killed a death yak
  5125 | Lair:5   | Killed a death yak
  5189 | Lair:5   | Reached XP level 14. HP: 81/113 MP: 8/19
  5204 | Lair:5   | Reached skill level 15 in Dodging
  5356 | Lair:5   | Identified the +5 trident of Wondrous Power {vorpal,
                  | *Corrode rF+++ rC+++ Dex+2}
  5971 | D:9      | Reached XP level 15. HP: 118/118 MP: 20/22
  5984 | D:9      | Identified the +0 leather armour of Hedging {+Blink +Inv
                  | rF- Int+2}
  6350 | D:10     | Entered Level 10 of the Dungeon
  6478 | D:10     | Found a staircase to the Orcish Mines.
  6530 | D:10     | Identified a scroll of acquirement
  6545 | Orc:1    | Entered Level 1 of the Orcish Mines
  6570 | Orc:1    | Reached skill level 10 in Invocations
  6604 | Orc:1    | Found a transporter.
  6604 | Orc:1    | Noticed Palms's ghost (journeyman MfGl)
  6647 | Orc:1    | Found Yttanud's Weapon Boutique.
  6783 | Orc:2    | Entered Level 2 of the Orcish Mines
  6838 | Orc:2    | Found Aczunig's Assorted Antiques.
  6847 | Orc:2    | Bought a puce potion for 31 gold pieces
  6847 | Orc:2    | Bought a golden potion for 31 gold pieces
  6847 | Orc:2    | Bought a fizzy brown potion for 31 gold pieces
  6847 | Orc:2    | Bought a golden potion for 31 gold pieces
  6847 | Orc:2    | Bought a scroll of identify for 70 gold pieces
  6847 | Orc:2    | Bought a puce potion for 31 gold pieces
  6862 | Orc:2    | Found a staircase to the Elven Halls.
  6952 | Orc:2    | Found Bunnapn's Jewellery Shop.
  6952 | Orc:2    | Found Xubit's Jewellery Shoppe.
  6954 | Orc:2    | Found Ivuofoah's Magic Scroll Emporium.
  6956 | Orc:2    | Found Daluekhli's Distillery.
  6963 | Orc:2    | Bought a scroll of enchant armour for 90 gold pieces
  6963 | Orc:2    | Bought a scroll of poison for 48 gold pieces
  6963 | Orc:2    | Bought a scroll of blinking for 90 gold pieces
  6963 | Orc:2    | Bought a scroll of poison for 48 gold pieces
  6963 | Orc:2    | Bought a scroll of fog for 48 gold pieces
  6968 | Orc:2    | Bought 2 potions of lignification for 72 gold pieces
  6968 | Orc:2    | Bought a potion of curing for 36 gold pieces
  6968 | Orc:2    | Bought a potion of might for 48 gold pieces
  6968 | Orc:2    | Bought a potion of ambrosia for 96 gold pieces
  6968 | Orc:2    | Bought 2 potions of curing for 72 gold pieces
  7370 | D:11     | Found a runed translucent gate.
  7370 | D:11     | Found a runed translucent gate.
  7370 | D:11     | Found a runed translucent gate.
  7371 | D:11     | Found an opulent altar of Gozag.
  7377 | D:11     | Noticed Brotato's ghost (novice SpBr)
  7414 | D:11     | Noticed Fannar
  7424 | D:11     | Killed Fannar
  7425 | D:11     | Reached skill level 15 in Transmutations
  7517 | D:11     | Got the Directory of Creative Ozone
  8303 | D:14     | Reached XP level 16. HP: 128/128 MP: 25/25
  8376 | D:14     | Found a shimmering blue altar of Sif Muna.
  8812 | Snake:1  | Entered Level 1 of the Snake Pit
  8837 | Snake:1  | Found Toopp's Armour Emporium.
  8907 | Snake:1  | Found Kunacwot's Antique Armour Boutique.
  8909 | Snake:1  | Found Tivelo Fygo's Assorted Antiques.
  8911 | Snake:1  | Found Astoypas's Weapon Boutique.
  8925 | Snake:1  | Bought a brightly glowing bronze ring for 120 gold pieces
  8925 | Snake:1  | Identified the ring "Sesu" {Str+3 SInv} (You bought it in a
                  | shop on level 1 of the Snake Pit)
  8992 | Snake:1  | Noticed Asterion
  9000 | Snake:1  | Noticed a balrug
  9002 | Snake:1  | HP: 7/158 [balrug/+1 demon whip of electrocution[Asterion]
                  | (23)]
  9002 | Snake:1  | Slain by a balrug

Illustrated notes

Levels and vault maps discovered:
D:1:      kilobyte_arrival_exit_the_forest, layout_basic,
          hellmonk_ecumenical_altar_prayer_group, minmay_crystal_room,
          solitary_fountain
D:2:      layout_rooms, minmay_liquid_box, serial_bayou_lake_a, uniq_jessica
D:3:      layout_basic, lemuel_crystal_altar, nemelex_dance_club_becter,
          nzn_hepliaklqana_mist_gate, nicolae_qazlal_general_emergency,
          ebering_ghost_inner_flame
D:4:      layout_rooms, lemuel_round_altar, uniq_blork_the_orc, uniq_pikel
D:5:      layout_loops_corners, vehumet_statue, mainiacjoe_overflow_24_doors,
          mainiacjoe_overflow_paths, minmay_temple_entry_junction_2
D:6:      layout_rooms, lemuel_round_altar, uniq_menkaure, uniq_grinder
D:7:      layout_basic, fedhas_altar_3, mainiacjoe_overflow_small_starburst,
          serial_bayou_crossing
D:8:      layout_loops_ring, mainiacjoe_overflow_six_doors_small,
          nicolae_dithmenos_through_a_glass_darkly, lair_entry_dummy
D:9:      layout_loops_ring, serial_demonic, serial_demonic_g, serial_demonic_e,
          serial_demonic_d, serial_demonic_b, serial_demonic_d,
          serial_demonic_c, hangedman_abyss_or_decor_clamps
D:10:     layout_basic, erik_orc_4
D:11:     layout_loops_ring, ebering_ghost_gozag,
          nicolae_kite_square_tiling_tiny, uniq_fannar
D:12:     layout_basic
D:13:     layout_roguey [special_room_orc],
          hangedman_vaults_entry_quadrant_bands, dreamdust_princess_bridge
D:14:     minmay_the_grid_octo_tiled_octocenter_mashed
          [minmay_the_grid_octo_fat_diamond, minmay_the_grid_octo_empty,
          minmay_the_grid_octo_clover, minmay_the_grid_octo_checkerflower,
          minmay_the_grid_octo_prize_single_spiral,
          minmay_the_grid_square_5x5_two_walls_b,
          minmay_the_grid_square_5x5_trominoes, minmay_the_grid_square_5x5_two,
          minmay_the_grid_square_5x5_inverted_slash], layout_loops_ring,
          led_sif_pool, uniq_josephine
Temple:   jpeg_temple_island
Lair:1:   layout_regular_city, hibernation_bobbens
Lair:2:   layout_regular_city, ldierk_geyser, serial_bayou_pond_b,
          grunt_megastairs_4, uniq_urug
Lair:3:   layout_regular_city, minmay_shoals_entry_centaurs, dummy_snake_entry,
          worms_lemuel
Lair:4:   layout_misc_corridors, slime_entry_1, minmay_lair_drake_nest,
          infiniplex_staircase_pool_2, grunt_megastairs_1, lemuel_fruit_tree
Lair:5:   gammafunk_lair_ancient_temple, layout_gridlike,
          kennysheep_basilisk_garden
Snake:1:  layout_misc_corridors, serial_shops, nicolae_take_the_stairs,
          minmay_shop_star, uniq_asterion
Orc:1:    layout_caves, enter_volcano_1, gammafunk_ghost_arena, serial_shops,
          nicolae_shop_waterfront, nicolae_shop_bloodbath_and_beyond
Orc:2:    st_orc_rangers, layout_diamond_mine, serial_shops,
          nicolae_lakefront_shop

Skill      XL: |  1  2  3  4  5  6  7  8  9 10 11 12 13 14 15 16 |
---------------+-------------------------------------------------+-----
Spellcasting   | 3 |  3.0
Unarmed Combat | 4 5 7 9 10 12 13 15 16 17 | 17.0
Dodging        | 3 4 6 7 8 10 12 13 14 16 17 | 17.6
Transmutations | 3 6 9 11 12 14 15 | 15.8
Fighting       | 2 3 5 6 7 8 9 |  9.3
Ice Magic      | 1 2 |  2.0
Invocations    | 6 9 11 12 | 12.4

Action                   |  1- 3 |  4- 6 |  7- 9 | 10-12 | 13-15 | 16-18 || total
-------------------------+-------+-------+-------+-------+-------+-------++-------
Melee: Unarmed           |    63 |    96 |   202 |   240 |   564 |   109 ||  1274
       Kick              |    17 |     4 |       |       |       |       ||    21
       Headbutt          |     6 |     1 |       |       |       |       ||     7
       Punch             |     1 |     2 |     2 |     4 |     2 |       ||    11
 Cast: Beastly Appendage |    15 |     5 |       |       |       |       ||    20
       Spider Form       |       |     9 |    24 |    12 |       |       ||    45
       Wereblood         |       |       |     5 |     2 |    10 |       ||    17
       Ice Form          |       |       |       |    17 |    51 |    10 ||    78
Invok: Slouch            |       |       |       |     1 |    14 |     7 ||    22
       Step From Time    |       |       |       |       |       |     1 ||     1
Evoke: Wand              |       |     5 |       |       |       |       ||     5
  Use: Scroll            |       |       |     6 |     5 |    11 |     1 ||    23
       Potion            |       |       |     1 |     1 |       |    14 ||    16
Armor: Robe              |    12 |     8 |    13 |     5 |     6 |       ||    44
       Skin              |       |     4 |    14 |    56 |   226 |    39 ||   339
Dodge: Dodged            |    30 |    69 |   191 |   176 |   838 |   147 ||  1451

Table legend: (Time is in decaauts)
 A = Elapsed time spent in this place.
 B = Non-inter-level travel time spent in this place.
 C = Inter-level travel time spent in this place.
 D = Time resting spent in this place.
 E = Time spent auto-exploring this place.
 F = Levels seen in this place.
 G = Mean time per level.
                   A        B        C        D        E       F      G
               +--------+--------+--------+--------+--------+-----+--------+
         Total |  11996 |  10849 |   1147 |    139 |     93 |  23 |  521.6 |
       Dungeon |   7852 |   7241 |    611 |    108 |     93 |  14 |  560.9 |
        Temple |     84 |     41 |     43 |      0 |      0 |   1 |   84.0 |
          Lair |   2962 |   2564 |    398 |     31 |      0 |   5 |  592.4 |
     Snake Pit |    239 |    239 |      0 |      0 |      0 |   1 |  239.0 |
  Orcish Mines |    856 |    764 |     92 |      0 |      0 |   2 |  428.0 |
               +--------+--------+--------+--------+--------+-----+--------+

Top non-repeatable levels by time:
     D:3: 993 daAuts
    D:11: 940 daAuts
    D:12: 861 daAuts
     D:9: 850 daAuts
  Lair:5: 684 daAuts
  Lair:1: 677 daAuts
    D:10: 605 daAuts
  Lair:4: 576 daAuts
     D:1: 527 daAuts
  Lair:3: 522 daAuts
   Orc:2: 518 daAuts
  Lair:2: 502 daAuts
     D:5: 502 daAuts
     D:2: 481 daAuts
     D:6: 445 daAuts
